 Dungeon Crawl Stone Soup version 0.28-a0-1518-gbe868bca14 (webtiles) character file.

Game seed: 9717896229553476610

8 knot the Chopper (level 2, 34/36 HPs)
             Began as a Demonspawn Berserker on Jan 17, 2022.
             Was a Follower of Trog.
             Quit the game on level 1 of the Dungeon.
             The game lasted 00:00:09 (140 turns).

knot the Chopper (Demonspawn Berserker)              Turns: 140, Time: 00:00:09

Health: 34/36      AC:  2    Str: 17    XL:     2   Next: 0%
Magic:  2/2        EV: 12    Int:  8    God:    Trog [*.....]
Gold:   0          SH:  0    Dex: 12    Spells: 1/1 levels left

rFire   . . .      SeeInvis .   a - +0 hand axe
rCold   . . .      Faith    .   (no shield)
rNeg    . . .      Spirit   .   b - +0 animal skin
rPois   .          Reflect  .   (no helmet)
rElec   .          Harm     .   (no cloak)
rCorr   .          Rampage  .   (no gloves)
Will    .....                   (no boots)
Stlth   ..........              (no amulet)
HPRegen 0.12/turn               (no ring)
MPRegen 0.08/turn               (no ring)

@: berserking, very quick
A: powered by pain 1
a: Renounce Religion, Berserk


You were on level 1 of the Dungeon.
You worshipped Trog.
Trog was aware of your devotion.
You visited 1 branch of the dungeon, and saw 1 of its levels.

Inventory:

Hand Weapons
 a - a +0 hand axe (weapon)
Missiles
 d - 18 stones (quivered)
Armour
 b - a +0 animal skin (worn)
Potions
 c - 2 potions of curing {unknown}


   Skills:
 - Level 3.0 Fighting
 + Level 3.2 Axes
 - Level 1.7 Armour
 - Level 1.7 Dodging


You had one spell level left.
You didn't know any spells.
Your spell library was empty.

Dungeon Overview and Level Annotations

Branches:
Dungeon (1/15)

Altars:


Innate Abilities, Weirdness & Mutations

You sometimes gain a little power by taking damage.


Message History

A giant cockroach and a bat come into view.
Found 20 sling bullets.
There are monsters nearby!
There are monsters nearby!
Found a leather armour and a scroll labelled PAONAA PANWOO.
The rat bites you.
You slash the rat!
You kill the rat!
Trog accepts your kill.
A giant cockroach and 2 hobgoblins come into view.
The hobgoblin shouts!
You hear a shout!
The giant cockroach barely misses you. The giant cockroach misses you.
The hobgoblin shouts!
You hit the bat.
You kill the bat!
Trog accepts your kill.
You barely miss the giant cockroach. The giant cockroach barely misses you.
A hobgoblin comes into view.
Your Axes skill increases to level 3!
A red film seems to cover your vision as you go berserk!
You feel yourself moving faster!
You feel mighty!
The giant cockroach bites you but does no damage. x2
An endoplasm comes into view.
The giant cockroach barely misses you.
You hit the giant cockroach.
The giant cockroach is almost dead.
You hit the giant cockroach.
You kill the giant cockroach!
Trog accepts your kill.
You slash the giant cockroach!
You kill the giant cockroach!
Trog accepts your kill.
You barely miss the hobgoblin. You hit the hobgoblin.
You kill the hobgoblin!
Trog accepts your kill.
You have reached level 2!
Your demonic ancestry asserts itself...
You feel energised by your suffering.
Are you sure you want to abandon this character and quit the game? (Confirm with "yes".)

#........# #..
#........# ###
#........# #<.
#........#
###''
#####........#
#....
#...#.....####
#.≈≈§
##.#.#..##.#
#.≈§§
#..........#
#...§
#.###@####.#
###'' #[.†# #
#.. #(gJ# #''
###g. #.. ...
#.. .#.. ### ?
.. ## .##


You could see an endoplasm and 2 hobgoblins.

Vanquished Creatures
  An endoplasm (D:1)
  2 giant cockroaches (D:1)
  2 hobgoblins (D:1)
  A bat (D:1)
  A rat (D:1)
7 creatures vanquished.

Notes
Turn   | Place    | Note
-------+----------+-------------------------------------------
     0 | D:1      | knot the Demonspawn Berserker began the quest for the Orb.
     0 | D:1      | Reached XP level 1. HP: 18/18 MP: 1/1
   140 | D:1      | Gained mutation: You sometimes gain a little power by
                  | taking damage. [demonic ancestry]
   140 | D:1      | Reached XP level 2. HP: 24/24 MP: 2/2
   140 | D:1      | Quit the game

Illustrated notes

Levels and vault maps discovered:
D:1:      lightli_arrival_lavapool, layout_basic, nrook_mini_vaults,
          st_stairs_13, kennysheep_another_room, hex_intersection,
          minmay_octomino_c4

Skill      XL: |  1 |
---------------+----+-----
Axes           | 3 |  3.2
Fighting       | |  3.0
Armour         | |  1.7
Dodging        | |  1.7

Action                   || total
-------------------------++-------
Melee: Hand axe          ||    10
Invok: Berserk           ||     1
Armor: Animal skin       ||     2
Dodge: Dodged            ||     6

Table legend: (Time is in decaauts)
 A = Elapsed time spent in this place.
 B = Non-inter-level travel time spent in this place.
 C = Inter-level travel time spent in this place.
 D = Time resting spent in this place.
 E = Time spent auto-exploring this place.
 F = Levels seen in this place.
 G = Mean time per level.
                   A        B        C        D        E       F      G
               +--------+--------+--------+--------+--------+-----+--------+
         Total |    140 |    140 |      0 |      0 |    119 |   1 |  140.0 |
       Dungeon |    140 |    140 |      0 |      0 |    119 |   1 |  140.0 |
               +--------+--------+--------+--------+--------+-----+--------+

Top non-repeatable levels by time:
     D:1: 140 daAuts
